 Dungeon Crawl Stone Soup version 0.30-a0-142-g7370640ec8 (webtiles) character file.

Game seed: 1979112989949093864

198 qw the Chopper (level 5, -5/32 HPs)
             Began as a Gargoyle Fighter on Sept 26, 2022.
             Slain by an ogre
             ... wielding a +0 giant club
              (14 damage)
             ... on level 4 of the Dungeon.
             The game lasted 00:01:12 (3754 turns).

qw the Chopper (Gargoyle Fighter)                   Turns: 3754, Time: 00:01:12

Health: -5/32      AC: 12    Str: 19    XL:     5   Next: 76%
Magic:  5/5        EV:  9    Int: 12    God:
Gold:   73         SH:  4    Dex: 10    Spells: 4/4 levels left

rFire   + . .      SeeInvis .    Y - +0 war axe
rCold   . . .      Faith    .    c - +0 buckler
rNeg    + . .      Spirit   .    k - +2 scale mail {rF+}
rPois   inf        Reflect  .    (no helmet)
rElec   +          Harm     .    (no cloak)
rCorr   .          Rampage  .    (no gloves)
Will    .....                    (no boots)
Stlth   +.........               b - amulet of regeneration
HPRegen 0.90/turn                (no ring)
MPRegen 0.09/turn                (no ring)

@: no status effects
A: sickness immunity, AC +4, negative energy resistance 1, electricity
resistance, torment resistance 1, petrification resistance, thin skeletal
structure 1, clever 1, weak 1
a: no special abilities


You were on level 4 of the Dungeon.
You visited 1 branch of the dungeon, and saw 4 of its levels.

You collected 73 gold pieces.


Innate Abilities, Weirdness & Mutations

You are immune to sickness and miasma.
Your stone body is resilient. (AC +4)
You are immune to poison.
You resist negative energy. (rN+)
You are resistant to electric shocks. (rElec)
You are resistant to unholy torment.
You are immune to petrification.
You have a somewhat thin skeletal structure. (Dex +2, Stealth+)
Your mind is acute. (Int +4, Str/Dex -1)
You are weak. (Str -2)


   Skills:
 + Level 3.4 Fighting
 - Level 5.0 Axes
 - Level 3.2 Armour
 - Level 1.1 Dodging
 - Level 3.2 Shields


You had 4 spell levels left.
You didn't know any spells.
Your spell library was empty.

Inventory:

Hand Weapons
 a - a +1 vampiric whip
 Y - a +0 war axe (weapon)
Armour
 c - a +0 buckler (worn)
 k - a +2 scale mail of fire resistance (worn)
Jewellery
 b - an amulet of regeneration (around neck)
Scrolls
 h - a scroll of identify
Potions
 d - 4 potions of might
 f - a potion of curing
 i - a potion of cancellation {unknown}
 l - a potion of flight {unknown}

Dungeon Overview and Level Annotations

Branches:
Dungeon (4/15)
 Temple: D:4-7

Altars:
Hepliaklqana
Xom
Yredelemnul

Annotations:
D:2 1 runed translucent door, Crazy Yiuf


Message History

An ogre is nearby!
3739 ||| Stepping randomly (stuck).
You see here 18 gold pieces.
An ogre is nearby!
An ogre is nearby!
3740 ||| Stepping randomly (stuck).
An ogre is nearby!
An ogre is nearby!
3741 ||| Stepping randomly (stuck).
You hit the ogre but do no damage. The ogre hits you with a +0 giant club.
You slash the ogre!
The ogre is moderately wounded.
The ogre hits you with a +0 giant club!!
Ouch! That really hurt!
You barely miss the ogre.
The ogre is moderately wounded.
You block the ogre's attack.
You hit the ogre.
The ogre is moderately wounded.
The ogre hits you but does no damage.
You hit the ogre.
The ogre is moderately wounded.
The ogre barely misses you.
You slash the ogre!
The ogre is severely wounded.
The ogre barely misses you.
You barely miss the ogre.
The ogre is severely wounded.
You barely miss the ogre.
The ogre is severely wounded.
The ogre hits you with a +0 giant club!
3753 ||| DRINKING potion of heal wounds.
You feel much better.
The ogre hits you with a +0 giant club!!
Ouch! That really hurt!
You hit the ogre.
The ogre is almost dead.
The ogre hits you with a +0 giant club!
You die...

........... ..
#.........# ...
..........# ....
#.......?.####....
#................
#>............#
#.[...#######.####
#.#$..$.#....#
###.#$$O@.#....#
#..%'.._$$#....#
#####.#.#.....#....#
#.......#.....#.....
#.###...#######.....
#.#.............
#/##.####....<$.
#.##.# .......
#.##.# ..


You could see an ogre.

Vanquished Creatures
  A scorpion (D:3)
  Terence (D:2)
  3 adders
  3 worms (D:2)
  3 dart slugs
  2 ball pythons
  7 endoplasms
  3 giant cockroaches (D:1)
  4 goblins
  10 hobgoblins
  5 jackals
  3 quokkas
  6 bats
  5 frilled lizards
  9 kobolds
  2 rats
67 creatures vanquished.

Notes
Turn   | Place    | Note
-------+----------+-------------------------------------------
     0 | D:1      | qw the Gargoyle Fighter began the quest for the Orb.
     0 | D:1      | Reached XP level 1. HP: 14/14 MP: 1/1
     0 | D:1      | 0 ||| qw: Version: 0.2-a-10-g399e6c4
     0 | D:1      | 0 ||| qw: Game counter: 455
     0 | D:1      | 0 ||| qw: Always use a shield: true
     0 | D:1      | 0 ||| qw: God list: Okawaru
     0 | D:1      | 0 ||| qw: Allow faded altars: false
     0 | D:1      | 0 ||| qw: Do Orc after D:15 true
     0 | D:1      | 0 ||| qw: Do second Lair branch before Depths: true
     0 | D:1      | 0 ||| qw: Lair rune preference: random
     0 | D:1      | 0 ||| qw: Plans: Normal, Zot:1-4, God:TSO, Crypt, Tomb,
                  | Pan, Slime:5, Hells, Abyss, Orb
     0 | D:1      | 0 ||| PLANNING D:1-11
    63 | D:1      | Reached skill level 2 in Axes
   216 | D:1      | Reached XP level 2. HP: 14/19 MP: 2/2
   861 | D:1      | Reached skill level 3 in Axes
   905 | D:1      | 905 ||| Stepping ~*~*~tactically~*~*~ (hiding).
   913 | D:1      | Reached XP level 3. HP: 22/23 MP: 3/3
   983 | D:1      | 983 ||| Stepping ~*~*~tactically~*~*~ (stealth).
  1164 | D:1      | 1164 ||| READING scroll labelled DUUDOR NIOME.
  1168 | D:1      | 1168 ||| READING scroll labelled BUN SYOGOIMUF.
  1169 | D:1      | 1169 ||| DRINKING 2 yellow potions.
  1169 | D:1      | Gained mutation: You occasionally lose the ability to drink
                  | potions when taking damage. [potion of mutation]
  1169 | D:1      | Gained mutation: You have sharp toenails. [potion of
                  | mutation]
  1169 | D:1      | Gained mutation: You have hidden genetic potential. [potion
                  | of mutation]
  1170 | D:1      | 1170 ||| DRINKING potion of mutation.
  1170 | D:1      | Lost mutation: You have sharp toenails. [potion of
                  | mutation]
  1170 | D:1      | Lost mutation: You have hidden genetic potential. [potion
                  | of mutation]
  1170 | D:1      | Lost mutation: You occasionally lose the ability to drink
                  | potions when taking damage. [potion of mutation]
  1170 | D:1      | Gained mutation: You have a somewhat thin skeletal
                  | structure. (Dex +2, Stealth+) [potion of mutation]
  1170 | D:1      | Gained mutation: You are weak. (Str -2) [potion of
                  | mutation]
  1170 | D:1      | Gained mutation: Your mind is acute. (Int +4, Str/Dex -1)
                  | [potion of mutation]
  1304 | D:2      | Noticed Terence
  1310 | D:2      | 1310 ||| Stepping ~*~*~tactically~*~*~ (stealth).
  1312 | D:2      | 1312 ||| Stepping ~*~*~tactically~*~*~ (stealth).
  1313 | D:2      | 1313 ||| Stepping ~*~*~tactically~*~*~ (stealth).
  1316 | D:2      | HP: 5/23 [Terence/+0 hand axe (6)]
  1317 | D:2      | 1317 ||| READING scroll of teleportation.
  1319 | D:2      | Killed Terence
  1320 | D:2      | Reached skill level 4 in Axes
  1320 | D:2      | Reached XP level 4. HP: 3/28 MP: 4/4
  1320 | D:2      | 1320 ||| FLEEEEING.
  1321 | D:2      | 1321 ||| FLEEEEING.
  1742 | D:2      | 1742 ||| Stepping ~*~*~tactically~*~*~ (stealth).
  1745 | D:2      | 1745 ||| Stepping ~*~*~tactically~*~*~ (stealth).
  1746 | D:2      | 1746 ||| Stepping ~*~*~tactically~*~*~ (stealth).
  1747 | D:2      | 1747 ||| Stepping ~*~*~tactically~*~*~ (stealth).
  1748 | D:2      | 1748 ||| Stepping ~*~*~tactically~*~*~ (stealth).
  2024 | D:2      | Found a runed translucent door.
  2025 | D:2      | Noticed Crazy Yiuf
  2121 | D:2      | 2121 ||| UPGRADING to +2 scale mail of fire resistance.
  2131 | D:2      | 2131 ||| DROPPING +0 scale mail.
  2132 | D:2      | 2132 ||| READING scroll labelled BOUMUX WUQAIM.
  2133 | D:2      | 2133 ||| READING 3 scrolls labelled IRCHEL ABEUX.
  2134 | D:2      | 2134 ||| READING 2 scrolls of identify.
  2134 | D:2      | 2134 ||| IDENTIFYING glowing blue potion
  2135 | D:2      | 2135 ||| DROPPING potion of berserk rage.
  2136 | D:2      | 2136 ||| DROPPING 2 scrolls of immolation.
  2180 | D:3      | Noticed a scorpion
  2181 | D:3      | 2181 ||| STAIRDANCE
  2427 | D:3      | Killed a scorpion
  2428 | D:3      | Reached XP level 5. HP: 17/32 MP: 5/5
  2428 | D:3      | 2428 ||| STAIRDANCE
  2783 | D:3      | Reached skill level 5 in Axes
  2836 | D:3      | Found a shimmering altar of Xom.
  2836 | D:3      | Found a shimmering altar of Xom.
  2836 | D:3      | Found a shimmering altar of Xom.
  2838 | D:3      | Found a shimmering altar of Xom.
  2838 | D:3      | Found a shimmering altar of Xom.
  2838 | D:3      | Found a shimmering altar of Xom.
  2839 | D:3      | Found a shimmering altar of Xom.
  2839 | D:3      | Found a shimmering altar of Xom.
  2839 | D:3      | Found a shimmering altar of Xom.
  2840 | D:3      | Found a shimmering altar of Xom.
  2840 | D:3      | Found a shimmering altar of Xom.
  3234 | D:3      | Reached skill level 1 in Dodging
  3407 | D:3      | Found a basalt altar of Yredelemnul.
  3591 | D:3      | Found a faded altar of an unknown god.
  3645 | D:3      | 3645 ||| UPGRADING to amulet of regeneration.
  3650 | D:3      | 3650 ||| DROPPING ring of flight.
  3651 | D:3      | 3651 ||| READING scroll labelled DAIKHAZ VOXT.
  3652 | D:3      | 3652 ||| READING 4 scrolls labelled WURA VAGEOMA.
  3653 | D:3      | 3653 ||| DRINKING 2 smoky white potions.
  3654 | D:3      | 3654 ||| DRINKING 2 green potions.
  3655 | D:3      | 3655 ||| DROPPING 3 scrolls of fog.
  3715 | D:4      | Found a hazy altar of Hepliaklqana.
  3734 | D:4      | Noticed an ogre
  3735 | D:4      | 3735 ||| Stepping randomly (stuck).
  3736 | D:4      | 3736 ||| Stepping randomly (stuck).
  3737 | D:4      | 3737 ||| Stepping randomly (stuck).
  3738 | D:4      | 3738 ||| Stepping randomly (stuck).
  3739 | D:4      | 3739 ||| Stepping randomly (stuck).
  3740 | D:4      | 3740 ||| Stepping randomly (stuck).
  3741 | D:4      | 3741 ||| Stepping randomly (stuck).
  3752 | D:4      | HP: 3/32 [ogre/+0 giant club (15)]
  3753 | D:4      | 3753 ||| DRINKING potion of heal wounds.
  3754 | D:4      | Slain by an ogre

Levels and vault maps discovered:
D:1:      evilmike_arrival_crescent, layout_basic
D:2:      layout_rooms, corexii_corridor_pit, serial_park_tiny_2,
          uniq_crazy_yiuf_cottage, uniq_terence
D:3:      layout_basic, marbit_many_paths, xom_redecorated,
          shapermc_ecumenical_altar_hornbeckon, dk_noncrumbling_4,
          skrybe_limestone_x
D:4:      layout_basic, amcnicky_altar_gilded, minmay_temple_entry_antechambers

Skill      XL: |  1  2  3  4  5 |
---------------+----------------+-----
Axes           | 2 3 4 5 |  5.0
Dodging        | 1 |  1.1
Fighting       | |  3.4
Armour         | |  3.2
Shields        | |  3.2

Action                   |  1- 3 |  4- 6 || total
-------------------------+-------+-------++-------
Melee: War axe           |   100 |   122 ||   222
  Use: Scroll            |     3 |     5 ||     8
       Potion            |     2 |     3 ||     5
Armor: Scale mail        |    45 |    52 ||    97
Dodge: Dodged            |    45 |    42 ||    87
Block: Buckler           |    12 |    26 ||    38

Table legend:
 A = Non-vault XP
 B = Vault XP
 C = Vault XP percentage of total XP
 D = Non-vault monster count
 E = Vault monster count
 F = Vault count percentage of total count
                 A         B        C        D         E       F
            +---------+---------+-------+---------+---------+-------
      Total |     245 |      38 |  13.4 |      65 |       2 |   3.0
            +---------+---------+-------+---------+---------+-------
        D:1 |      47 |       0 |   0.0 |      26 |       0 |   0.0
        D:2 |      53 |      36 |  40.4 |      18 |       1 |   5.3
        D:3 |     139 |       2 |   1.4 |      18 |       1 |   5.3
        D:4 |       6 |       0 |   0.0 |       3 |       0 |   0.0
            +---------+---------+-------+---------+---------+-------
